 Dungeon Crawl Stone Soup version 0.16-a0-326-g6f2d4d4 (webtiles) character file.

362 PolkaDot the Caller (level 6, 0/41 HPs)
             Began as a Vampire Summoner on Sept 4, 2014.
             Slain by an orc
             ... wielding a +3 flail of protection
              (10 damage)
             ... on Level 4 of the Dungeon.
             The game lasted 00:11:04 (4460 turns).

PolkaDot the Caller (Vampire Summoner)              Turns: 4460, Time: 00:11:05

HP   0/41        AC  4     Str  7      XL: 6   Next: 39%
MP  10/10        EV 12     Int 19      God:
Gold 117         SH  0     Dex 14      Spells:  3 memorised,  3 levels left

rFire  . . .     SeeInvis +     q - +1 hand axe (flame) (curse)
rCold  . . .     Clarity  .     u - +2 robe
rNeg   . . .     rCorr    .     (no shield)
rPois  .         rRot     .     (no helmet)
rElec  .         Spirit   .     (no cloak)
SustAb .         Warding  .     (no gloves)
rMut   .         Stasis   .     (no boots)
Gourm  .                        (no amulet)
MR     .....                    (no ring)
                                t - ring of invisibility

@: regenerating quickly, not resistant to hostile enchantments, unstealthy
A: bottle blood, fangs 3, see invisible, unbreathing
a: Bottle Blood, Evoke Invisibility


You were on level 4 of the Dungeon.
You were very full.

You visited 1 branch of the dungeon, and saw 4 of its levels.

You collected 117 gold pieces.

Inventory:

Hand weapons
 q - a cursed +1 hand axe of flaming (weapon)
Armour
 u - a +2 robe (worn)
Scrolls
 a - a scroll of fear {unknown}
 f - a scroll of enchant weapon {unknown}
 i - 2 scrolls of blinking {unknown}
 j - 4 scrolls of identify {unknown}
 n - a scroll of amnesia {unknown}
 p - 2 scrolls of remove curse {unknown}
Jewellery
 t - a ring of invisibility (left hand)
Potions
 c - a potion of mutation {unknown}
 d - 3 potions of confusion {unknown}
 e - 3 potions of might
 g - a potion of lignification {unknown}
 h - a potion of restore abilities {unknown}
 k - a potion of degeneration {unknown}
 l - 2 potions of curing
 m - a potion of brilliance {unknown}
 o - a potion of cure mutation {unknown}
 r - 3 potions of agility {unknown}
 s - 2 potions of magic {unknown}
Books
 b - a book of Callings

   Spells                             Type                      Level
   *Summon Small Mammal               Summoning                    1
   *Call Imp                          Summoning                    2
   *Call Canine Familiar              Summoning                    3
   Summon Guardian Golem              Hexes/Summoning              4
   Summon Lightning Spire             Summoning/Air                4
   Summon Ice Beast                   Ice/Summoning                4


   Skills:
 - Level 2.1 Dodging
 - Level 3.0 Stealth
 - Level 2.0 Spellcasting
 * Level 7.8 Summonings


You had 3 spell levels left.
You knew the following spells:

 Your Spells              Type           Power        Failure   Level  Hunger
a - Summon Small Mammal   Summ           ####         1%          1    #......
d - Call Canine Familiar  Summ           ####....     1%          3    ####...
s - Call Imp              Summ           ####....     1%          2    ##.....


Dungeon Overview and Level Annotations

Branches:
Dungeon (4/15)
 Temple: D:4-7

Altars:
Ashenzari
Dithmenos
Elyvilon
Okawaru
Qazlal
Vehumet
Xom
The Shining One


Innate Abilities, Weirdness & Mutations

Your natural rate of healing is unusually fast.
You can bottle blood from corpses.
You have razor-sharp teeth.
You have supernaturally acute eyesight.
You can survive without breathing.


Message History

The orc hits you with a runed flail.
You hit the orc but do no damage.
The orc is moderately wounded.
The orc hits you with a runed flail!
* * * LOW HITPOINT WARNING * * *
You hit the orc. You burn the orc. Your bite misses the orc.
The orc is heavily wounded.
The orc hits you but does no damage.
You barely miss the orc.
The orc is heavily wounded.
The orc hits you with a runed flail!
* * * LOW HITPOINT WARNING * * *
You hit the orc but do no damage.
The orc is heavily wounded.
The orc hits you with a runed flail.
* * * LOW HITPOINT WARNING * * *
You hit the orc. You burn the orc.
The orc is almost dead.
The orc hits you with a runed flail!
You die...

#.....# #.###.#
......# #.....#
#.#.#.# #####.# #.#.#
##'## #### #.#.#
##...###..> #.#
##.....##.## #.#
##.......#.##
####.####..........##
#..o@...'............
##....###....%....###
#....# ##.......##
#....# ##.....##
#.#### ##...## #.
##'#### #. #.##.## #.
##.#...##
###.......##


You could see an orc.

Vanquished Creatures
  A phantom (D:4)
  Sigmund (D:3)
  An adder (D:3)
  2 gnolls (D:3)
  A giant mite (D:4)
  3 worms
  A giant gecko (D:4)
  An ooze (D:3)
  4 goblins
  3 hobgoblins
  6 jackals
  8 kobolds
  5 ball pythons
  10 bats
  6 giant newts
  7 rats
60 creatures vanquished.

Vanquished Creatures (collateral kills)
  Menkaure (D:4)
  An ogre skeleton (D:4)
  A gnoll (D:3)
  4 adders
  A giant mite (D:1)
  2 worms (D:2)
  2 giant geckos
  An orc (D:3)
  5 giant cockroaches
  2 hobgoblins (D:1)
  2 jackals (D:2)
  5 bats
  A giant newt (D:1)
  2 goblins
  A kobold (D:2)
  An orc skeleton (D:4)
32 creatures vanquished.

Vanquished Creatures (others)
  2 hounds
2 creatures vanquished.

Grand Total: 94 creatures vanquished

Notes
Turn   | Place    | Note
--------------------------------------------------------------
     0 | D:1      | PolkaDot, the Vampire Summoner, began the quest for the Orb.
     0 | D:1      | Reached XP level 1. HP: 13/13 MP: 3/3
   380 | D:1      | Reached XP level 2. HP: 13/19 MP: 2/4
   482 | D:1      | Learned a level 2 spell: Call Imp
  1466 | D:2      | Reached skill level 5 in Summonings
  1473 | D:2      | Reached XP level 3. HP: 8/24 MP: 0/6
  1662 | D:2      | Learned a level 3 spell: Call Canine Familiar
  2668 | D:3      | Found a shattered altar of Ashenzari.
  2726 | D:3      | Reached XP level 4. HP: 11/30 MP: 1/7
  2820 | D:3      | Found a shadowy altar of Dithmenos.
  2823 | D:3      | Found an iron altar of Okawaru.
  3002 | D:3      | Found a shimmering altar of Xom.
  3002 | D:3      | Found a stormy altar of Qazlal.
  3015 | D:3      | Reached skill level 6 in Summonings
  3018 | D:3      | Found a radiant altar of Vehumet.
  3146 | D:3      | Noticed Sigmund
  3157 | D:3      | Killed Sigmund
  3157 | D:3      | Reached XP level 5. HP: 16/35 MP: 0/9
  3448 | D:4      | Noticed a phantom
  3469 | D:4      | Killed a phantom
  3469 | D:4      | Reached skill level 7 in Summonings
  3701 | D:4      | Noticed Menkaure
  3706 | D:4      | Killed Menkaure
  3706 | D:4      | Reached XP level 6. HP: 41/41 MP: 0/10
  4098 | D:4      | Found a glowing golden altar of the Shining One.
  4366 | D:4      | Found a white marble altar of Elyvilon.
  4460 | D:4      | Slain by an orc

Action                   |  1- 3 |  4- 6 || total
-------------------------+-------+-------++-------
Melee: Unarmed           |   173 |     1 ||   174
       Hand axe          |       |   102 ||   102
 Cast: Summon Small Mamm |    10 |       ||    10
       Call Imp          |    14 |    15 ||    29
       Call Canine Famil |     4 |     6 ||    10
  Use: Potion            |     1 |     2 ||     3
 Stab: Sleeping          |     8 |     8 ||    16
  Eat: Corpse            |    16 |    13 ||    29
